 Dungeon Crawl Stone Soup version 0.30.0-10-gfe55d96785 (webtiles) character file.

Game seed: 8564642172834086429

277 Irreverend the Shooter (level 6, -1/52 HPs)
             Began as a Minotaur Hunter on May 14, 2023.
             Slain by Grinder (2 damage)
             ... while paralysed by Grinder
             ... on level 3 of the Dungeon.
             The game lasted 00:02:44 (1408 turns).

Irreverend the Shooter (Minotaur Hunter)            Turns: 1408, Time: 00:02:44

Health: -1/52      AC:  3    Str: 16    XL:     6   Next: 4%
Magic:  5/5        EV:  2    Int: 12    God:
Gold:   120        SH:  0    Dex: 15    Spells: 5/5 levels left

rFire   . . .        a - +0 shortbow
rCold   . . .        (shield currently unavailable)
rNeg    + . .        c - +0 leather armour
rPois   .            (helmet restricted)
rElec   .            (no cloak)
rCorr   .            (no gloves)
SInv    .            (no boots)
Will    .....        l - amulet of reflection
Stlth   +            i - ring of positive energy
HPRegen 0.28/turn    t - +6 ring of intelligence
MPRegen 0.09/turn

%: reflection
@: paralysed
A: horns 2, retaliatory headbutt
a: no special abilities


You were on level 3 of the Dungeon.
You visited 1 branch of the dungeon, and saw 3 of its levels.

You collected 120 gold pieces.

Inventory:

Hand Weapons
 a - a +0 shortbow (weapon)
Armour
 c - a +0 leather armour (worn)
 h - a +0 ring mail
 j - a +0 scale mail
Jewellery
 i - a ring of positive energy (left hand)
 l - an amulet of reflection (around neck)
 t - a +6 ring of intelligence (right hand)
Wands
 u - a wand of flame (19)
Scrolls
 b - a scroll of immolation
 e - 2 scrolls of amnesia {unknown}
 g - 2 scrolls of poison {unknown}
 n - 2 scrolls of vulnerability {unknown}
 o - a scroll of blinking {unknown}
 p - 3 scrolls of teleportation {unknown}
 r - 2 scrolls of torment {unknown}
 s - a scroll of noise {unknown}
Potions
 d - 2 potions of magic {unknown}
 f - a potion of might {unknown}
 k - a potion of haste {unknown}
 m - a potion of attraction {unknown}
 q - a potion of cancellation {unknown}


   Skills:
 + Level 4.0 Fighting
 * Level 6.1 Ranged Weapons
 + Level 3.0 Armour
 + Level 3.6 Dodging
 - Level 0.7 Stealth


You had 5 spell levels left.
You didn't know any spells.
Your spell library was empty.

Dungeon Overview and Level Annotations

Branches:
Dungeon (3/15)

Altars:
Cheibriados

Annotations:
D:3 Grinder, Jessica


Innate Abilities, Weirdness & Mutations

You have a pair of horns on your head.
You reflexively headbutt those who attack you in melee.


Message History

You have reached level 6!
You shoot an arrow. The arrow hits the gnoll.
The gnoll is moderately wounded.
You block the gnoll's attack.
The gnoll hits you from afar with a +0 halberd of protection!
You shoot an arrow. The arrow hits the gnoll!
You kill the gnoll!
Your Armour skill increases to level 3!
You shoot an arrow. The arrow hits Grinder!
Grinder is lightly wounded.
Jessica grins evilly.
You shoot an arrow. The arrow closely misses Grinder.
You shoot an arrow. The arrow hits Grinder.
Grinder is moderately wounded.
Grinder misses you. You furiously retaliate!
You headbutt Grinder. Grinder barely misses you.
You shoot an arrow. The arrow hits Grinder!
Grinder is severely wounded.
Grinder barely misses you. You furiously retaliate!
You headbutt Grinder, but do no damage. You shoot an arrow.
The arrow hits Grinder but does no damage.
Grinder is severely wounded.
Jessica gestures wildly.
Jessica misses you. Grinder gestures at you.
You suddenly lose the ability to move!
Jessica barely misses you. Grinder hits you.
You writhe in agony.
Jessica barely misses you. Grinder hits you!
You writhe in agony.
Jessica hits you with a +0 hand axe.
* * * LOW HITPOINT WARNING * * *
Grinder gestures at you. Pain shoots through your body!
* * * LOW HITPOINT WARNING * * *
Jessica hits you with a +0 hand axe.
* * * LOW HITPOINT WARNING * * *
Grinder hits you!
* * * LOW HITPOINT WARNING * * *
You writhe in agony.
You die...

........ #...... .......
#...... > ##.... ..
###.)). ... #..@5# ....
#...@# ..... #..).#
......###...##
..............###
#..........#...######
#............#......#
#...............###... .
#..........####.## ..
#..........####..####..#


You could see Grinder and Jessica.

Vanquished Creatures
  Sigmund (D:2)
  Terence (D:3)
  3 gnolls (D:3)
  2 dart slugs
  5 bats
  4 endoplasms (D:2)
  3 giant cockroaches
  3 goblins (D:2)
  4 hobgoblins
  3 jackals (D:2)
  4 quokkas
  6 ball pythons
  A frilled lizard (D:2)
  4 kobolds
  5 rats
49 creatures vanquished.

Notes
Turn   | Place    | Note
-------+----------+-------------------------------------------
     0 | D:1      | Irreverend the Minotaur Hunter began the quest for the Orb.
     0 | D:1      | Reached XP level 1. HP: 18/18 MP: 0/0
   127 | D:1      | Reached XP level 2. HP: 24/25 MP: 1/1
   297 | D:1      | Reached skill level 1 in Armour
   670 | D:2      | Reached XP level 3. HP: 30/30 MP: 2/2
   764 | D:2      | Noticed Sigmund
   769 | D:2      | Reached skill level 5 in Ranged Weapons
   793 | D:2      | Killed Sigmund
   794 | D:2      | Reached XP level 4. HP: 23/40 MP: 3/3
   794 | D:2      | Reached XP level 5. HP: 26/46 MP: 4/4
  1013 | D:2      | Found a snail-covered altar of Cheibriados.
  1296 | D:3      | Noticed Terence
  1304 | D:3      | Killed Terence
  1305 | D:3      | Reached skill level 6 in Ranged Weapons
  1390 | D:3      | Noticed Jessica
  1393 | D:3      | Noticed Grinder
  1398 | D:3      | Reached XP level 6. HP: 44/52 MP: 5/5
  1404 | D:3      | Paralysed by Grinder for 5 turns
  1408 | D:3      | HP: 1/52 [Grinder (8)]
  1408 | D:3      | Slain by Grinder

Illustrated notes

Levels and vault maps discovered:
D:1:      mrwooster_arrival_statue_2, layout_basic
D:2:      layout_rooms, basic_altar, nicolae_elevator_lobby_plus, uniq_sigmund
D:3:      layout_rooms, hellmonk_ecumenical_altar_lost_god, amethyst_killhole,
          uniq_terence, uniq_jessica, uniq_grinder

Skill      XL: |  1  2  3  4  5  6 |
---------------+-------------------+-----
Armour         | 1 2 3 |  3.0
Fighting       | 3 4 |  4.0
Ranged Weapons | 5 6 |  6.1
Dodging        | 3 |  3.6
Stealth        | |  0.7

Action                     |  1- 3 |  4- 6 || total
---------------------------+-------+-------++-------
   Fire: Shortbow          |    95 |    46 ||   141
 Armour: Leather armour    |     7 |     1 ||     8
  Dodge: Dodged            |    22 |    12 ||    34
  Block: Other             |       |     6 ||     6
         Reflection        |       |     2 ||     2
